[Event "RUS-ch Rapid Men 2018"]
[Site "Sochi"]
[Date "2018.10.06"]
[Round "6"]
[White "Tsoi, Dmitry"]
[Black "Chigaev, Maksim"]
[Result "0-1"]
[ECO "D76"]
[WhiteElo "2429"]
[BlackElo "2599"]
[Annotator "ChessBase"]
[PlyCount "124"]
[EventDate "2018.10.05"]
[EventType "swiss"]
[EventCountry "RUS"]
[SourceTitle "playchess.com"]
[Source "ChessBase"]
[SourceQuality "1"]
[TimeControl "900+10"]

1. Nf3 Nf6 2. g3 g6 3. Bg2 Bg7 4. O-O O-O 5. c4 d5 6. cxd5 Nxd5 7. d4 Nb6 8. Nc3 Nc6 9. d5 Na5 10. e4 c6 11. dxc6 Nxc6 12. Be3 Nc4 13. Qe2 Nxe3 14. Qxe3 Qb6 15. Qxb6 axb6 16. Rfd1 b5 17. Nxb5 Bxb2 18. Rab1 Bg7 19. Rd2 Rd8 20. Rbd1 Rxd2 21. Rxd2 Ra5 22. Nbd4 Nxd4 23. Nxd4 Bxd4 24. Rxd4 Kg7 25. Rc4 Be6 26. Rb4 Rxa2 27. f4 Ra1+ 28. Kf2 Ra2+ 29. Kg1 Bc8 30. e5 Ra8 31. Rb5 Rb8 32. Rb6 Kf8 33. Bd5 Ke8 34. Kf2 e6 35. Bf3 Kd8 36. g4 Kc7 37. Rb2 Bd7 38. Kg3 Bc6 39. Rc2 Rd8 40. Kh4 h6 41. Rc3 Rd4 42. Kg3 g5 43. fxg5 hxg5 44. h4 gxh4+ 45. Kxh4 Rf4 46. Bd1 Kd7 47. Kg5 Rf1 48. Be2 Re1 49. Rc2 Ke7 50. Kh6 Rh1+ 51. Kg7 Rh2 52. Kg8 Rg2 53. Kg7 Rf2 54. Kg8 Bb5 55. Rc7+ Kd8 56. Rxf7 Rxf7 57. Bxb5 Ke7 58. g5 Rf5 59. g6 Rxe5 60. Bd3 Kf6 61. Bb1 Rg5 62. Kh7 b5 0-1

[Event "RUS-ch Rapid Men 2018"]
[Site "Sochi"]
[Date "2018.10.06"]
[Round "6"]
[White "Vastrukhin, Oleg"]
[Black "Kozlov, Oleg"]
[Result "1-0"]
[ECO "A36"]
[WhiteElo "2413"]
[BlackElo "2275"]
[Annotator "NA"]
[PlyCount "79"]
[EventDate "2018.10.05"]
[EventType "swiss"]
[EventCountry "RUS"]
[SourceTitle "playchess.com"]
[Source "ChessBase"]
[SourceQuality "1"]
[TimeControl "900+10"]

1. g3 c5 2. Bg2 Nc6 3. c4 g6 4. Nc3 Bg7 5. e3 e5 6. Nge2 Nge7 7. O-O O-O 8. d3 a6 9. b3 Rb8 10. Bb2 d6 11. Qd2 b5 12. Nd5 Nxd5 13. cxd5 Ne7 14. f4 f6 15. e4 Bd7 16. h3 h5 17. Rf2 Bh6 18. Raf1 c4 19. d4 exd4 20. Nxd4 f5 21. Ne6 Bxe6 22. dxe6 fxe4 23. Bxe4 d5 24. Bg2 b4 25. Bd4 Rc8 26. Qxb4 Nc6 27. Qb6 Nxd4 28. Qxd4 cxb3 29. axb3 Rf5 30. g4 hxg4 31. hxg4 Bg7 32. Qd1 Rf8 33. Qxd5 Qe7 34. Qd7 Rc7 35. Qxe7 Rxe7 36. Re2 Bd4+ 37. Kh2 Kg7 38. Kg3 Bb6 39. g5 Rd8 40. Rf3 1-0

[Event "RUS-ch Rapid Men 2018"]
[Site "Sochi"]
[Date "2018.10.06"]
[Round "6"]
[White "Ofitserian, Boris"]
[Black "Panarin, Mikhail"]
[Result "1-0"]
[ECO "A36"]
[WhiteElo "2411"]
[BlackElo "2562"]
[Annotator "ChessBase"]
[PlyCount "93"]
[EventDate "2018.10.05"]
[EventType "swiss"]
[EventCountry "RUS"]
[SourceTitle "playchess.com"]
[Source "ChessBase"]
[SourceQuality "1"]
[TimeControl "900+10"]

1. c4 c5 2. g3 Nc6 3. Bg2 g6 4. Nc3 Bg7 5. e3 e6 6. Nge2 Nge7 7. Nf4 O-O 8. O-O Rb8 9. a3 a6 10. d3 b5 11. Qc2 bxc4 12. dxc4 Na5 13. Ne4 Nb3 14. Rb1 Qc7 15. Rd1 Rb6 16. Rd3 Nxc1 17. Qxc1 f5 18. Nc3 Nc6 19. Na4 Rb8 20. Rd2 d6 21. Qd1 Rd8 22. h4 Kf7 23. h5 Ne5 24. Qe2 g5 25. Nh3 g4 26. Nf4 Bb7 27. e4 Nf3+ 28. Bxf3 gxf3 29. Qf1 Bxe4 30. Re1 Qc6 31. Nc3 Bxc3 32. bxc3 h6 33. Qh3 Rb6 34. Qh4 Rdb8 35. Ng6 Qc7 36. Rxe4 fxe4 37. Qxe4 Kg7 38. Qg4 Kh7 39. Qxe6 R8b7 40. Rd5 Qf7 41. Qe4 Kg7 42. Rf5 Qd7 43. Qg4 Qe8 44. Nf8+ Kh8 45. Ng6+ Kh7 46. Qxf3 Qc6 47. Rf7+ 1-0

[Event "RUS-ch Rapid Men 2018"]
[Site "Sochi"]
[Date "2018.10.06"]
[Round "6"]
[White "Miroshnichenko, Pavel"]
[Black "Usmanov, Vasily"]
[Result "1/2-1/2"]
[ECO "A06"]
[WhiteElo "2275"]
[BlackElo "2453"]
[Annotator "ChessBase"]
[PlyCount "104"]
[EventDate "2018.10.05"]
[EventType "swiss"]
[EventCountry "RUS"]
[SourceTitle "playchess.com"]
[Source "ChessBase"]
[SourceQuality "1"]
[TimeControl "900+10"]

1. Nf3 d5 2. e3 Bg4 3. c4 dxc4 4. Bxc4 e6 5. h3 Bh5 6. O-O Nc6 7. d4 a6 8. Be2 Nf6 9. b3 Bd6 10. Bb2 O-O 11. Nbd2 Qe8 12. Nc4 Rd8 13. Nfd2 Bxe2 14. Qxe2 e5 15. dxe5 Nxe5 16. Nxd6 cxd6 17. Nc4 Qe6 18. Rac1 Rc8 19. Rfd1 Rfd8 20. Bd4 Nxc4 21. Rxc4 Rxc4 22. Qxc4 Qxc4 23. bxc4 Ne8 24. Rb1 Rd7 25. Kf1 f6 26. Ke2 Kf7 27. f4 g6 28. g4 Ng7 29. e4 Ne6 30. Be3 h6 31. h4 g5 32. f5 Nd8 33. Rh1 Kg7 34. hxg5 hxg5 35. Rd1 Nf7 36. c5 Ne5 37. Rxd6 Re7 38. Bd4 Nxg4 39. Kf3 Ne5+ 40. Bxe5 Rxe5 41. Rd7+ Kh6 42. Rd5 g4+ 43. Kf4 g3 44. Rd6 Kg7 45. Rd7+ Kf8 46. Rxb7 g2 47. Rb1 Rxc5 48. Rg1 Rc2 49. a4 Ke7 50. Kf3 Rc3+ 51. Kf4 Rc2 52. Kf3 Rc3+ 1/2-1/2

[Event "RUS-ch Rapid Men 2018"]
[Site "Sochi"]
[Date "2018.10.06"]
[Round "6"]
[White "Taysayev, Timur"]
[Black "Gutenev, Alexander"]
[Result "0-1"]
[ECO "B89"]
[WhiteElo "2225"]
[BlackElo "2456"]
[Annotator "ChessBase"]
[PlyCount "108"]
[EventDate "2018.10.05"]
[EventType "swiss"]
[EventCountry "RUS"]
[SourceTitle "playchess.com"]
[Source "ChessBase"]
[SourceQuality "1"]
[TimeControl "900+10"]

1. e4 c5 2. Nf3 Nc6 3. d4 cxd4 4. Nxd4 Nf6 5. Nc3 d6 6. Bc4 e6 7. Be3 a6 8. Qe2 Qc7 9. Bb3 Be7 10. O-O-O Na5 11. g4 b5 12. g5 Nxb3+ 13. axb3 Nd7 14. Nf5 exf5 15. Nd5 Qd8 16. exf5 Kf8 17. f6 Bxf6 18. gxf6 Nxf6 19. Bg5 Qe8 20. Qf3 Nxd5 21. Qxd5 Be6 22. Qxd6+ Kg8 23. Rhg1 Bf5 24. Rge1 Qc8 25. Qd8+ Qxd8 26. Rxd8+ Rxd8 27. Bxd8 Be6 28. f4 h5 29. Re5 Rh6 30. f5 Bd7 31. c4 Rc6 32. c5 Rc8 33. Bh4 f6 34. Rd5 Bc6 35. Rd6 a5 36. Kd2 Be4 37. Bf2 Bxf5 38. Ra6 Rd8+ 39. Ke3 Rd3+ 40. Kf4 Bg4 41. Ke4 Rxb3 42. Rxa5 Rxb2 43. Bg3 b4 44. Kd4 b3 45. Kc3 Rb1 46. Rb5 Be6 47. Rb6 Kf7 48. c6 Rc1+ 49. Kd2 Rc2+ 50. Kd3 Bf5+ 51. Kd4 b2 52. c7 h4 53. Bxh4 Rxh2 54. Be1 Rh1 0-1

[Event "RUS-ch Rapid Men 2018"]
[Site "Sochi"]
[Date "2018.10.06"]
[Round "6"]
[White "Mikhailovsky, Vladimir"]
[Black "Shcherbakov, Ruslan"]
[Result "0-1"]
[ECO "A05"]
[WhiteElo "2185"]
[BlackElo "2516"]
[Annotator "ChessBase"]
[PlyCount "72"]
[EventDate "2018.10.05"]
[EventType "swiss"]
[EventCountry "RUS"]
[SourceTitle "playchess.com"]
[Source "ChessBase"]
[SourceQuality "1"]
[TimeControl "900+10"]

1. Nf3 Nf6 2. g3 b5 3. Bg2 Bb7 4. Na3 a6 5. c4 e5 6. cxb5 Bxa3 7. bxa3 axb5 8. O-O d6 9. d4 e4 10. Nh4 O-O 11. Qb3 Bd5 12. Qxb5 Nc6 13. Qb2 Qd7 14. h3 Ra4 15. Rd1 h6 16. Bf1 Be6 17. g4 Rb8 18. Qc3 Nd5 19. Qg3 Nxd4 20. Rd2 g5 21. Ng2 f5 22. Bb2 f4 23. Qh2 c5 24. Rad1 Qa7 25. h4 Qg7 26. Kh1 Bxg4 27. f3 Bf5 28. Qg1 e3 29. Bxd4 cxd4 30. Rd3 Bxd3 31. Rxd3 Rb1 32. Kh2 Nc3 33. Qh1 gxh4 34. Rxc3 dxc3 35. Kg1 Qg3 36. Qxh4 Qxh4 0-1

[Event "RUS-ch Rapid Men 2018"]
[Site "Sochi"]
[Date "2018.10.06"]
[Round "7"]
[White "Grachev, Boris"]
[Black "Kezin, Roman"]
[Result "1/2-1/2"]
[ECO "D00"]
[WhiteElo "2626"]
[BlackElo "2471"]
[Annotator "RC"]
[PlyCount "184"]
[EventDate "2018.10.05"]
[EventType "swiss"]
[EventCountry "RUS"]
[SourceTitle "playchess.com"]
[Source "ChessBase"]
[SourceQuality "1"]
[TimeControl "900+10"]

1. d4 d5 2. Bf4 c5 3. e3 Nc6 4. c3 Qb6 5. Qc2 Nf6 6. Nd2 Bg4 7. h3 Bh5 8. Ngf3 e6 9. Ne5 Be7 10. g4 Bg6 11. Nxg6 hxg6 12. Bg2 Qa6 13. a4 O-O 14. Qb3 b6 15. Qb5 Qc8 16. O-O Nd7 17. Qe2 Rd8 18. Rfd1 Qb7 19. e4 Nf6 20. e5 Nd7 21. Nf3 cxd4 22. cxd4 Nb4 23. Rdc1 Rac8 24. Bf1 Rxc1 25. Rxc1 Rc8 26. Rc3 Na2 27. Rxc8+ Qxc8 28. Bd2 Nb4 29. Bxb4 Bxb4 30. Qb5 Be7 31. Kg2 Nb8 32. a5 bxa5 33. Qxa5 Nc6 34. Qa4 Qb7 35. Ba6 Qb6 36. Bb5 Nb4 37. Be2 Nc6 38. h4 Kf8 39. h5 gxh5 40. gxh5 Kg8 41. Bb5 Nb4 42. Be2 Nc6 43. Bd3 Qb7 44. Ba6 Qb6 45. Bb5 Nb4 46. Be2 Nc6 47. Bf1 Qb7 48. Bd3 Qb6 49. Bb1 Qxb2 50. Qxc6 Qxb1 51. Qa8+ Bf8 52. Qxa7 Qf5 53. Kg3 Qxh5 54. Qb8 Qg6+ 55. Kh2 Qf5 56. Kg3 g5 57. Nh2 Qf4+ 58. Kg2 Qxd4 59. f3 Qd2+ 60. Kg3 Qf4+ 61. Kg2 Qb4 62. Qd8 Qb2+ 63. Kh3 Qxe5 64. Ng4 Qf5 65. Kg2 Kg7 66. Qc7 Qf4 67. Qc3+ d4 68. Qe1 Bd6 69. Qe2 Qg3+ 70. Kf1 Qh3+ 71. Kg1 d3 72. Qe3 Qg3+ 73. Kf1 Qh3+ 74. Kg1 Qg3+ 75. Kf1 Qf4 76. Qxd3 Bc5 77. Kg2 Qd4 78. Qa6 Qg1+ 79. Kh3 Qh1+ 80. Kg3 Bd4 81. Qd3 Qg1+ 82. Kh3 Bc5 83. Qd8 Qh1+ 84. Kg3 Qe1+ 85. Kh3 Qf1+ 86. Kg3 Qg1+ 87. Kh3 Qh1+ 88. Kg3 Qe1+ 89. Kh3 Qh1+ 90. Kg3 Qg1+ 91. Kh3 Qf1+ 92. Kg3 Qe1+ 1/2-1/2

[Event "RUS-ch Rapid Men 2018"]
[Site "Sochi"]
[Date "2018.10.06"]
[Round "7"]
[White "Maletin, Pavel"]
[Black "Jary, Sergey"]
[Result "1-0"]
[ECO "A11"]
[WhiteElo "2586"]
[BlackElo "2286"]
[Annotator "ChessBase"]
[PlyCount "61"]
[EventDate "2018.10.05"]
[EventType "swiss"]
[EventCountry "RUS"]
[SourceTitle "playchess.com"]
[Source "ChessBase"]
[SourceQuality "1"]
[TimeControl "900+10"]

1. c4 c6 2. Nf3 Nf6 3. g3 g6 4. Bg2 Bg7 5. d4 d5 6. Qb3 O-O 7. Nc3 Qb6 8. O-O Na6 9. cxd5 Qxb3 10. axb3 cxd5 11. Ne5 e6 12. Bf4 Nh5 13. Bd2 f5 14. Rfc1 Bxe5 15. dxe5 Bd7 16. Nxd5 exd5 17. Bxd5+ Kg7 18. Bxb7 Rab8 19. Bxa6 Be6 20. b4 Rf7 21. Rc6 Re8 22. Bc3 Kf8 23. Bd3 f4 24. Rca6 Ree7 25. Bd4 fxg3 26. hxg3 Bc8 27. Rxa7 Rxa7 28. Bxa7 Ng7 29. Bc5+ Ke8 30. Bb5+ Kd8 31. Bb6+ 1-0

[Event "RUS-ch Rapid Men 2018"]
[Site "Sochi"]
[Date "2018.10.06"]
[Round "7"]
[White "Demidov, Mikhail"]
[Black "Sharafiev, Azat"]
[Result "1/2-1/2"]
[ECO "A40"]
[WhiteElo "2514"]
[BlackElo "2432"]
[Annotator "ChessBase"]
[PlyCount "99"]
[EventDate "2018.10.05"]
[EventType "swiss"]
[EventCountry "RUS"]
[SourceTitle "playchess.com"]
[Source "ChessBase"]
[SourceQuality "1"]
[TimeControl "900+10"]

1. d4 e6 2. Nf3 c5 3. e3 Nf6 4. c4 d5 5. a3 dxc4 6. Bxc4 a6 7. O-O Nbd7 8. dxc5 Bxc5 9. b4 Be7 10. Bb2 b5 11. Bd3 Bb7 12. Nbd2 O-O 13. Qe2 Nd5 14. Nb3 Rc8 15. Rac1 h6 16. Na5 Ba8 17. Rxc8 Qxc8 18. Rc1 Qe8 19. Bb1 Bf6 20. Qc2 g6 21. Bxf6 N7xf6 22. Qc5 Qb8 23. h3 Nd7 24. Qc2 N5b6 25. Qc7 Qxc7 26. Rxc7 Rc8 27. Rxc8+ Nxc8 28. Nd2 Kf8 29. f3 Ke7 30. Kf2 Ncb6 31. e4 e5 32. Ba2 f5 33. exf5 gxf5 34. Bb1 f4 35. Be4 Bxe4 36. Nxe4 Ke6 37. Ke2 Kd5 38. Kd3 Na4 39. g4 fxg3 40. Nxg3 Nb2+ 41. Kc3 Nd1+ 42. Kd2 Nb2 43. Kc2 Nc4 44. Nxc4 Kxc4 45. Nf5 h5 46. Ne3+ Kd4 47. Nf5+ Kc4 48. Ne3+ Kd4 49. Nf5+ Kc4 50. Ne3+ 1/2-1/2

[Event "RUS-ch Rapid Men 2018"]
[Site "Sochi"]
[Date "2018.10.06"]
[Round "7"]
[White "Fakhrutdinov, Timur"]
[Black "Bocharov, Dmitry"]
[Result "0-1"]
[ECO "B06"]
[WhiteElo "2472"]
[BlackElo "2557"]
[Annotator "RC"]
[PlyCount "53"]
[EventDate "2018.10.05"]
[EventType "swiss"]
[EventCountry "RUS"]
[SourceTitle "playchess.com"]
[Source "ChessBase"]
[SourceQuality "1"]
[TimeControl "900+10"]

1. e4 g6 2. d4 Bg7 3. Nc3 d6 4. f4 a6 5. Nf3 b5 6. e5 Bb7 7. Bd3 e6 8. Ne4 Ne7 9. O-O O-O 10. c3 Nf5 11. Qe1 Nd7 12. g4 Ne7 13. Qh4 Nc8 14. Qh3 Qe7 15. f5 exf5 16. Bg5 f6 17. gxf5 dxe5 18. fxg6 hxg6 19. Bc2 Ncb6 20. Bh4 Rae8 21. Rae1 Qe6 22. Qg2 f5 23. Neg5 Qc6 24. Bg3 exd4 25. Qh3 Nf6 26. Be5 Nh5 27. Nxd4 0-1

[Event "RUS-ch Rapid Men 2018"]
[Site "Sochi"]
[Date "2018.10.06"]
[Round "7"]
[White "Pogromsky, Mikhail"]
[Black "Orlinkov, Maxim L."]
[Result "1-0"]
[ECO "A41"]
[WhiteElo "2415"]
[BlackElo "2293"]
[Annotator "NA RC"]
[PlyCount "95"]
[EventDate "2018.10.05"]
[EventType "swiss"]
[EventCountry "RUS"]
[SourceTitle "playchess.com"]
[Source "ChessBase"]
[SourceQuality "1"]
[TimeControl "900+10"]

1. Nf3 d6 2. d4 Bg4 3. Qd3 c6 4. g3 Nf6 5. Bg2 e6 6. c4 Nbd7 7. Nc3 d5 8. cxd5 cxd5 9. Bf4 a6 10. O-O Be7 11. Rfc1 O-O 12. Na4 b5 13. Bc7 Qe8 14. Nb6 Nxb6 15. Bxb6 Bxf3 16. Bxf3 Rc8 17. a4 Rc4 18. Ba5 Qc6 19. Bd2 Qb6 20. e3 Rxa4 21. Rxa4 bxa4 22. Qc2 Bb4 23. Bxb4 Qxb4 24. Ra1 Rb8 25. Rxa4 Qxb2 26. Qxb2 Rxb2 27. Rxa6 g5 28. g4 Kg7 29. Kg2 h6 30. Ra1 h5 31. h3 h4 32. Re1 Rd2 33. Re2 Rxe2 34. Bxe2 Ne4 35. Bd3 Nd6 36. f4 Kf6 37. Kf3 Ne8 38. Bc2 Nd6 39. Bd3 Ne8 40. Ke2 Nd6 41. Kd2 Nc8 42. Kc3 Nd6 43. Kb4 Ne8 44. Kc5 Ng7 45. Kd6 Ne8+ 46. Kd7 Ng7 47. Bc2 gxf4 48. exf4 1-0

[Event "RUS-ch Rapid Men 2018"]
[Site "Sochi"]
[Date "2018.10.06"]
[Round "8"]
[White "Artemiev, Vladislav"]
[Black "Morozevich, Alexander"]
[Result "1/2-1/2"]
[ECO "A20"]
[WhiteElo "2706"]
[BlackElo "2656"]
[Annotator "RC"]
[PlyCount "192"]
[EventDate "2018.10.05"]
[EventType "swiss"]
[EventCountry "RUS"]
[SourceTitle "playchess.com"]
[Source "ChessBase"]
[SourceQuality "1"]
[TimeControl "900+10"]

1. c4 e5 2. d3 Bb4+ 3. Nd2 c6 4. Ngf3 d6 5. a3 Ba5 6. b4 Bc7 7. Bb2 Nf6 8. e3 O-O 9. Be2 Re8 10. Rc1 Nbd7 11. Qc2 Nf8 12. O-O Ng6 13. Rfd1 Qe7 14. b5 Bd7 15. a4 a6 16. Qb3 axb5 17. axb5 cxb5 18. cxb5 Be6 19. Qc2 Rec8 20. d4 d5 21. dxe5 Nxe5 22. Qb1 Nxf3+ 23. Bxf3 Ng4 24. Nf1 Qg5 25. Bd4 h5 26. Qb2 Ne5 27. Bxe5 Bxe5 28. Qe2 Rxc1 29. Rxc1 h4 30. Qd3 Rd8 31. Rd1 b6 32. Nd2 d4 33. Nc4 Bf6 34. Nd2 dxe3 35. Qxe3 Qxb5 36. Rb1 Qd3 37. Qxd3 Rxd3 38. Ne4 Bd4 39. Ng5 Bf5 40. Re1 g6 41. Be2 Rc3 42. Nf3 Bf6 43. h3 Kg7 44. Rd1 Rb3 45. Nd4 Bxd4 46. Rxd4 g5 47. f4 f6 48. Rd5 Be4 49. Rd4 f5 50. fxg5 Kg6 51. Bf3 Bxf3 52. gxf3 Kxg5 53. f4+ Kf6 54. Rd6+ Ke7 55. Rd5 Ke6 56. Re5+ Kf6 57. Kh2 b5 58. Rc5 Rb2+ 59. Kg1 b4 60. Rc6+ Ke7 61. Rc5 Ke6 62. Re5+ Kf6 63. Rd5 b3 64. Rd3 Ke6 65. Kf1 Rb1+ 66. Kg2 b2 67. Rb3 Kd5 68. Rb4 Kc5 69. Rb3 Kc4 70. Rb8 Kc3 71. Rc8+ Kd4 72. Rb8 Ke4 73. Rb4+ Ke3 74. Kh2 Kf3 75. Rb3+ Kxf4 76. Rf3+ Ke4 77. Rb3 f4 78. Rb4+ Kd5 79. Rb3 Kc4 80. Rb8 Kd3 81. Rd8+ Ke2 82. Re8+ Kf1 83. Rb8 Re1 84. Rxb2 Re2+ 85. Kh1 Kf2 86. Rb8 f3 87. Rg8 Ke3 88. Re8+ Kf4 89. Rg8 Re1+ 90. Kh2 Rb1 91. Rf8+ Ke3 92. Re8+ Kd4 93. Rd8+ Ke4 94. Rd4+ Ke3 95. Rd3+ Kf4 96. Rxf3+ Kxf3 1/2-1/2

[Event "RUS-ch Rapid Men 2018"]
[Site "Sochi"]
[Date "2018.10.06"]
[Round "8"]
[White "Pridorozhni, Aleksei"]
[Black "Pogromsky, Mikhail"]
[Result "1-0"]
[ECO "A40"]
[WhiteElo "2574"]
[BlackElo "2415"]
[Annotator "ChessBase"]
[PlyCount "61"]
[EventDate "2018.10.05"]
[EventType "swiss"]
[EventCountry "RUS"]
[SourceTitle "playchess.com"]
[Source "ChessBase"]
[SourceQuality "1"]
[TimeControl "900+10"]

1. c4 b6 2. d4 e6 3. e4 Bb7 4. Bd3 g6 5. Nc3 Bg7 6. Be3 d6 7. f4 Ne7 8. Nf3 Nd7 9. O-O O-O 10. Qd2 a6 11. Rae1 c5 12. d5 exd5 13. exd5 b5 14. b3 Nf6 15. f5 Ng4 16. fxg6 hxg6 17. Bf4 Bc8 18. h3 Nf6 19. Bh2 Ra7 20. cxb5 axb5 21. Bxb5 Nf5 22. Bc4 Ba6 23. Nb5 Bxb5 24. Bxb5 Qa5 25. Qxa5 Rxa5 26. Bc4 Bh6 27. a4 Ne3 28. Bxd6 Rc8 29. Ne5 Nxf1 30. Kxf1 Raa8 31. Be7 1-0

[Event "RUS-ch Rapid Men 2018"]
[Site "Sochi"]
[Date "2018.10.06"]
[Round "8"]
[White "Lobanov, Sergei"]
[Black "Rozum, Ivan"]
[Result "0-1"]
[ECO "B12"]
[WhiteElo "2539"]
[BlackElo "2573"]
[Annotator "ChessBase"]
[PlyCount "62"]
[EventDate "2018.10.05"]
[EventType "swiss"]
[EventCountry "RUS"]
[SourceTitle "playchess.com"]
[Source "ChessBase"]
[SourceQuality "1"]
[TimeControl "900+10"]

1. e4 c6 2. d4 d5 3. e5 Bf5 4. Nf3 e6 5. Be2 c5 6. Be3 Qb6 7. Nc3 Nc6 8. O-O Qxb2 9. Qe1 cxd4 10. Bxd4 Nxd4 11. Nxd4 Bb4 12. Bb5+ Kf8 13. Rb1 Bxc3 14. Rxb2 Bxe1 15. Rxe1 Ne7 16. Nxf5 Nxf5 17. Bd3 b6 18. Bxf5 exf5 19. Rd1 Ke7 20. Rxd5 Rhd8 21. c4 Rac8 22. Rxd8 Rxd8 23. g3 Rd1+ 24. Kg2 Rc1 25. Rb4 Kd7 26. a4 Kc6 27. a5 bxa5 28. Rb5 Rxc4 29. Rxa5 Kb6 30. Ra1 a5 31. Kf3 Re4 0-1

[Event "RUS-ch Rapid Men 2018"]
[Site "Sochi"]
[Date "2018.10.06"]
[Round "8"]
[White "Chekhov, Sergei"]
[Black "Bykov, Oleg"]
[Result "1-0"]
[ECO "C10"]
[WhiteElo "2463"]
[BlackElo "2411"]
[Annotator "ChessBase"]
[PlyCount "69"]
[EventDate "2018.10.05"]
[EventType "swiss"]
[EventCountry "RUS"]
[SourceTitle "playchess.com"]
[Source "ChessBase"]
[SourceQuality "1"]
[TimeControl "900+10"]

1. e4 e6 2. d4 d5 3. Nc3 Nc6 4. Nf3 Nf6 5. Bg5 Be7 6. Bxf6 Bxf6 7. Bb5 O-O 8. Qd2 Na5 9. O-O c6 10. Bd3 b6 11. Rfe1 Bb7 12. e5 Be7 13. Ne2 c5 14. c3 cxd4 15. Nexd4 Rc8 16. Rad1 a6 17. Qf4 b5 18. h4 h6 19. g3 Nc6 20. Bb1 Nxd4 21. Nxd4 h5 22. Qd2 Qb6 23. Qd3 g6 24. g4 hxg4 25. h5 Kg7 26. hxg6 f5 27. exf6+ Rxf6 28. Qe2 Rcf8 29. Qxg4 Bc8 30. Re5 Rf4 31. Qh3 Rh8 32. Qe3 Rg4+ 33. Kf1 Bc5 34. Rxe6 Qa7 35. Nf5+ 1-0

[Event "RUS-ch Rapid Men 2018"]
[Site "Sochi"]
[Date "2018.10.06"]
[Round "8"]
[White "Belyakov, Bogdan"]
[Black "Savchenko, Boris"]
[Result "0-1"]
[ECO "B22"]
[WhiteElo "2458"]
[BlackElo "2562"]
[Annotator "ChessBase"]
[PlyCount "74"]
[EventDate "2018.10.05"]
[EventType "swiss"]
[EventCountry "RUS"]
[SourceTitle "playchess.com"]
[Source "ChessBase"]
[SourceQuality "1"]
[TimeControl "900+10"]

1. e4 c5 2. c3 Nf6 3. e5 Nd5 4. d4 cxd4 5. cxd4 d6 6. Nf3 dxe5 7. Nxe5 Nc6 8. Bc4 e6 9. O-O Be7 10. Nc3 Nxc3 11. bxc3 Nxe5 12. dxe5 Qxd1 13. Rxd1 Bd7 14. Be3 Rc8 15. Be2 Bc5 16. Bd4 Ke7 17. a4 b6 18. a5 b5 19. a6 Bxd4 20. cxd4 Rc2 21. Bf3 Rhc8 22. Rab1 Ra2 23. Bb7 Rcc2 24. f4 Rd2 25. h3 f5 26. Rbc1 Rac2 27. Rb1 Rxd1+ 28. Rxd1 b4 29. Rb1 Rc4 30. Kf2 Rxd4 31. Ke3 Rc4 32. g4 g6 33. gxf5 gxf5 34. Bf3 Ba4 35. Rg1 Kf8 36. Rg2 Rc3+ 37. Kf2 Rxf3+ 0-1

[Event "RUS-ch Rapid Men 2018"]
[Site "Sochi"]
[Date "2018.10.06"]
[Round "8"]
[White "Drygalov, Sergey"]
[Black "Inozemtsev, Sergei"]
[Result "1-0"]
[ECO "E15"]
[WhiteElo "2446"]
[BlackElo "2310"]
[Annotator "NA"]
[PlyCount "77"]
[EventDate "2018.10.05"]
[EventType "swiss"]
[EventCountry "RUS"]
[SourceTitle "playchess.com"]
[Source "ChessBase"]
[SourceQuality "1"]
[TimeControl "900+10"]

1. d4 Nf6 2. c4 e6 3. Nf3 b6 4. g3 Ba6 5. Qc2 c5 6. d5 exd5 7. cxd5 g6 8. Bg2 Bg7 9. O-O O-O 10. Nc3 Re8 11. Re1 b5 12. a3 d6 13. e4 Nbd7 14. Bf4 Qb6 15. e5 Nh5 16. e6 Nf8 17. exf7+ Kxf7 18. Be3 Kg8 19. Ng5 Rab8 20. b4 Bd4 21. Bxd4 cxd4 22. Nce4 Kg7 23. Qd2 Bc8 24. Nf3 Bf5 25. Nxd4 Bxe4 26. Bxe4 Nf6 27. Bf3 N6d7 28. Nc6 Ne5 29. Qb2 Nfd7 30. Bg4 Nf6 31. Nxe5 dxe5 32. Be6 Qd4 33. Qxd4 exd4 34. Rad1 Rbd8 35. Re5 Rd6 36. Rxd4 Nd7 37. Re3 Nb6 38. Ree4 Red8 39. Rf4 1-0

[Event "RUS-ch Rapid Men 2018"]
[Site "Sochi"]
[Date "2018.10.06"]
[Round "8"]
[White "Sharafiev, Azat"]
[Black "Iljiushenok, Ilia"]
[Result "0-1"]
[ECO "E99"]
[WhiteElo "2432"]
[BlackElo "2539"]
[Annotator "ChessBase"]
[PlyCount "74"]
[EventDate "2018.10.05"]
[EventType "swiss"]
[EventCountry "RUS"]
[SourceTitle "playchess.com"]
[Source "ChessBase"]
[SourceQuality "1"]
[TimeControl "900+10"]

1. c4 Nf6 2. Nc3 g6 3. e4 d6 4. d4 Bg7 5. Nf3 O-O 6. Be2 e5 7. O-O Nc6 8. d5 Ne7 9. Ne1 Nd7 10. f3 f5 11. g4 Kh8 12. Be3 Ng8 13. Nd3 Bh6 14. Bf2 Bg5 15. Qe1 Rf7 16. h4 Be7 17. Kg2 fxg4 18. fxg4 Rxf2+ 19. Qxf2 Bxh4 20. Qe3 Bg5 21. Qg3 Nh6 22. c5 Nf6 23. cxd6 cxd6 24. Nxe5 dxe5 25. Qxe5 Nf7 26. Qd4 Qd6 27. Nb5 Qe5 28. d6 Bd7 29. Rad1 Bxb5 30. Bxb5 Qxb5 31. Rxf6 Bxf6 32. Qxf6+ Kg8 33. Rf1 Qd7 34. e5 Re8 35. Re1 Qxg4+ 36. Kh2 Re6 37. Qf2 Rxe5 0-1

[Event "RUS-ch Rapid Men 2018"]
[Site "Sochi"]
[Date "2018.10.06"]
[Round "8"]
[White "Gogolev, Artem"]
[Black "Panarin, Mikhail"]
[Result "1/2-1/2"]
[ECO "A33"]
[WhiteElo "2389"]
[BlackElo "2562"]
[Annotator "ChessBase"]
[PlyCount "46"]
[EventDate "2018.10.05"]
[EventType "swiss"]
[EventCountry "RUS"]
[SourceTitle "playchess.com"]
[Source "ChessBase"]
[SourceQuality "1"]
[TimeControl "900+10"]

1. Nf3 c5 2. c4 Nc6 3. d4 cxd4 4. Nxd4 Nf6 5. Nc3 e6 6. a3 Be7 7. Bf4 O-O 8. e3 d5 9. cxd5 Nxd5 10. Nxc6 bxc6 11. Qc2 Nxc3 12. Qxc3 Bf6 13. Be5 Bxe5 14. Qxe5 Qb6 15. Bc4 Rb8 16. b4 Ba6 17. Rc1 c5 18. O-O cxb4 19. axb4 Rfd8 20. Bxa6 Qxa6 21. Rfd1 h6 22. Rxd8+ Rxd8 23. h3 Qb6 1/2-1/2

[Event "RUS-ch Rapid Men 2018"]
[Site "Sochi"]
[Date "2018.10.06"]
[Round "8"]
[White "Slavin, Alexey"]
[Black "Potapov, Pavel"]
[Result "1/2-1/2"]
[ECO "A80"]
[WhiteElo "2364"]
[BlackElo "2515"]
[Annotator "ChessBase"]
[PlyCount "66"]
[EventDate "2018.10.05"]
[EventType "swiss"]
[EventCountry "RUS"]
[SourceTitle "playchess.com"]
[Source "ChessBase"]
[SourceQuality "1"]
[TimeControl "900+10"]

1. d4 f5 2. Bg5 h6 3. Bh4 g5 4. Bg3 Nf6 5. e3 Bg7 6. c4 d6 7. Nc3 O-O 8. h4 g4 9. Bd3 Nc6 10. d5 Ne5 11. Nge2 Nh5 12. Bxe5 dxe5 13. Qb3 Kh8 14. O-O-O e4 15. Bc2 a6 16. c5 b6 17. Nd4 bxc5 18. Ne6 Bxe6 19. dxe6 Qe8 20. Rd7 g3 21. fxg3 Nxg3 22. Rhd1 Rb8 23. Qc4 Bf6 24. Bb3 c6 25. Qxc5 Qh5 26. Rxe7 Ne2+ 27. Nxe2 Qxe2 28. Rd2 Qe1+ 29. Kc2 Bxb2 30. Rd1 Qe2+ 31. Rd2 Qe1 32. Rd1 Qe2+ 33. Rd2 Qe1 1/2-1/2

[Event "RUS-ch Rapid Men 2018"]
[Site "Sochi"]
[Date "2018.10.06"]
[Round "8"]
[White "Nazaretyan, Tigran"]
[Black "Usmanov, Vasily"]
[Result "0-1"]
[ECO "E16"]
[WhiteElo "2248"]
[BlackElo "2453"]
[Annotator "ChessBase"]
[PlyCount "114"]
[EventDate "2018.10.05"]
[EventType "swiss"]
[EventCountry "RUS"]
[SourceTitle "playchess.com"]
[Source "ChessBase"]
[SourceQuality "1"]
[TimeControl "900+10"]

1. d4 Nf6 2. c4 e6 3. Nf3 Bb4+ 4. Bd2 Qe7 5. g3 Bxd2+ 6. Qxd2 Nc6 7. Nc3 d5 8. Bg2 dxc4 9. O-O O-O 10. Ne5 Nxe5 11. dxe5 Nd7 12. f4 Nb6 13. Rad1 Rb8 14. e4 Bd7 15. Qe3 Rfe8 16. Rde1 Bc6 17. f5 Nd7 18. Qxa7 Nxe5 19. fxe6 fxe6 20. Qd4 Nd3 21. Re2 Qc5 22. Qxc5 Nxc5 23. Rd2 Rbd8 24. Rfd1 Rxd2 25. Rxd2 Kf7 26. Kf2 Kf6 27. Ke3 Ke5 28. Rf2 Rd8 29. Rf7 Rd3+ 30. Ke2 Rd7 31. Rf4 g5 32. Rf1 Nxe4 33. Bxe4 Bxe4 34. Nxe4 Kxe4 35. Rf8 e5 36. Rg8 h6 37. Rg6 Rd6 38. Rg7 Rb6 39. Kd2 Rxb2+ 40. Kc3 Rxa2 41. Rxc7 Rxh2 42. Rxc4+ Kf3 43. g4 e4 44. Rc7 Kxg4 45. Kd4 Rf2 46. Kxe4 Rf4+ 47. Ke3 b5 48. Rc1 b4 49. Rg1+ Kf5 50. Rh1 Kg6 51. Ra1 h5 52. Rh1 b3 53. Kd3 h4 54. Kc3 Rf3+ 55. Kd4 h3 56. Ke4 g4 57. Rc1 Rf6 0-1